 Dungeon Crawl Stone Soup version 0.28.0-45-g0d030f2227 (webtiles) character file.

Game seed: 1288464217012975169

64 NinjaNoafa the Gusty (level 3, -1/27 HPs)
             Began as a Draconian Air Elementalist on Apr 13, 2022.
             Slain by a gnoll
             ... wielding a +0 flail
              (8 damage)
             ... on level 2 of the Dungeon.
             The game lasted 00:04:31 (2528 turns).

NinjaNoafa the Gusty (Draconian Air Elementalist)   Turns: 2528, Time: 00:04:32

Health: -1/27      AC:  5    Str: 10    XL:     3   Next: 91%
Magic:  0/6        EV: 12    Int: 17    God:
Gold:   64         SH:  0    Dex: 11    Spells: 6/7 levels left

rFire   . . .      SeeInvis .   b - +0 whip
rCold   . . .      Faith    .   (no shield)
rNeg    . . .      Spirit   .   (armour unavailable)
rPois   .          Reflect  .   (helmet restricted)
rElec   .          Harm     .   (no cloak)
rCorr   .          Rampage  .   (no gloves)
Will    .....                   (no boots)
Stlth   +.........              (no amulet)
HPRegen 0.09/turn               (no ring)
MPRegen 0.10/turn               (no ring)

@: very slow
A: AC +5, unfitting armour, cold-blooded
a: no special abilities


You were on level 2 of the Dungeon.
You visited 1 branch of the dungeon, and saw 3 of its levels.

You collected 64 gold pieces.

Inventory:

Hand Weapons
 b - a +0 whip (weapon)
Missiles
 a - 66 stones
 g - 4 poisoned darts (quivered)
Scrolls
 d - a scroll of identify {unknown}
Potions
 c - a potion of degeneration {unknown}
 e - a potion of cancellation {unknown}


   Skills:
 - Level 0.4 Fighting
 + Level 2.3 Dodging
 - Level 2.0 Stealth
 + Level 2.5 Spellcasting
 * Level 1.9 Conjurations
 * Level 3.5 Air Magic


You had 6 spell levels left.
You knew the following spells:

 Your Spells              Type           Power      Damage    Failure   Level
a - Shock                 Conj/Air       44%        1d5       6%          1

Your spell library contained the following spells:

 Spells                   Type           Power      Damage    Failure   Level
 Static Discharge         Conj/Air       11%        N/A       9%          2
 Swiftness                Air            14%        N/A       13%         3
 Airstrike                Air            7%         N/A       41%         4


Dungeon Overview and Level Annotations

Branches:
Dungeon (3/15)

Altars:


Innate Abilities, Weirdness & Mutations

Your plain brown scales are hard. (AC +5)
You cannot fit into any form of body armour.
You are cold-blooded and may be slowed by cold attacks.


Message History

The zap hits the gnoll.
The gnoll is heavily wounded.
The zap misses the gnoll.
Casting: Shock (safe; 6% risk of failure)
Confirm with . or Enter, or press ? or * to list all spells.
Aiming: Shock (safe; 6% risk of failure)
Press: ? - help, Shift-Dir - straight line, f/p - gnoll
Aim: a gnoll, wielding a +0 flail (heavily wounded, 72% to hit)
The zap hits the gnoll but does no damage.
The gnoll is heavily wounded.
The zap hits the gnoll.
The gnoll is severely wounded.
You enter the shallow water.
Moving in this stuff is going to be slow.
You hit the gnoll.
The gnoll is severely wounded.
The gnoll hits you with a +0 flail.
You barely miss the gnoll.
You tail-slap the gnoll, but do no damage.
The gnoll is severely wounded.
The gnoll barely misses you.
You hit the gnoll but do no damage.
The gnoll is severely wounded.
The gnoll closely misses you. The gnoll barely misses you.
The gnoll hits you from afar with a +0 halberd!
Ouch! That really hurt!
The gnoll completely misses you. The gnoll hits you with a +0 halberd.
The gnoll hits you with a +0 flail.
* * * LOW HITPOINT WARNING * * *
You closely miss the gnoll. The gnoll closely misses you.
The gnoll hits you but does no damage.
Casting: Shock (safe; 6% risk of failure)
Confirm with . or Enter, or press ? or * to list all spells.
Aiming: Shock (safe; 6% risk of failure)
Press: ? - help, Shift-Dir - straight line, f/p - gnoll
Aim: a gnoll, wielding a +0 flail (severely wounded, 72% to hit)
The zap hits the gnoll.
The gnoll is almost dead.
The gnoll barely misses you. The gnoll hits you with a +0 flail!
You die...

## ######... #########
#≈≈.≈....
#.......###.≈≈+++≈#
#.......##≈#≈.≈...#≈
#.......##≈#@g≈....#
###....)..≈..#g≈≈.≈≈≈#
#.........≈###≈.≈.≈≈≈#
#..........# ≈≈.._≈.≈≈
###..........#
≈##≈≈#≈≈≈
....###......##≈#
≈≈≈.##
....#####...≈.≈≈.
≈.≈..
........'........
.....
#....####.....###


You could see 2 gnolls.

Vanquished Creatures
  A gnoll (D:1)
  An adder (D:2)
  2 dart slugs (D:1)
  5 bats
  6 endoplasms
  A giant cockroach (D:2)
  7 goblins
  2 hobgoblins (D:1)
  4 kobolds
  A quokka (D:2)
  4 ball pythons
  3 frilled lizards
  2 rats (D:1)
  A spectral kobold (D:2)
40 creatures vanquished.

Notes
Turn   | Place    | Note
-------+----------+-------------------------------------------
     0 | D:1      | NinjaNoafa the Draconian Air Elementalist began the quest
                  | for the Orb.
     0 | D:1      | Reached XP level 1. HP: 14/14 MP: 3/3
   162 | D:1      | Reached XP level 2. HP: 16/20 MP: 5/5
   634 | D:1      | Reached XP level 3. HP: 20/26 MP: 2/6
  2487 | D:2      | Found a faded altar of an unknown god.
  2528 | D:2      | Slain by a gnoll

Illustrated notes

Levels and vault maps discovered:
D:1:      roderic_crop_circles_arrival_small, layout_basic
D:2:      layout_basic, basic_altar, dreamdust_ecumenical_altar_drowned_temple,
          minmay_vboxes
D:3:      layout_basic, trog_three_pillars_becter,
          minmay_fractal_squares_gapless_5

Skill      XL: |  1  2  3 |
---------------+----------+-----
Dodging        | 2 |  2.3
Stealth        | 2 |  2.0
Fighting       | |  0.4
Spellcasting   | |  2.5
Conjurations   | |  1.9
Air Magic      | |  3.5

Action                   || total
-------------------------++-------
Melee: Unarmed           ||    11
       Whip              ||    61
       Tailslap          ||     9
Throw: Dart              ||     5
 Cast: Shock             ||    77
  Use: Potion            ||     3
       Scroll            ||     2
Armor: Skin              ||    57
Dodge: Dodged            ||    90
